Map: King Sejong Station LE

Players

MarkyMark

  • Race: Zerg Zerg
  • League: Platinum

Lapack - Winner!

  • Race: Protoss Protoss

VOD

Have the link to the VOD?

Description

Time

  • Played on: Aug. 15, 2016, 7:49 a.m.
  • Length: 7:36
Show
View Real Time Build Order
Export as new Build Order

MarkyMark Zerg 

Build Orders: Pool Only, Zergling Baneling 

Get SALT Encoding   

  12  0:01  Drone  
  13  0:23  Spawning Pool  
  13  0:24  Extractor  
  13  0:28  Drone  
  12  0:33  Drone  
  13  0:41  Overlord  
  13  0:47  Drone  
  14  1:11  Zergling x6  
  14  1:15  Queen  
  19  1:23  Zergling x2  
  20  1:30  Metabolic Boost  
  20  1:40  Overlord  
  20  1:46  Zergling x2  
  21  1:59  Baneling Nest, Zergling x2  
  20  2:33  Zergling x2  
  20  2:34  Zergling x8  
  25  2:47  Zergling x2  
  25  2:50  Overlord  
  26  2:55  Baneling  
  26  2:56  Baneling  
  26  2:57  Baneling x2  
  26  2:58  Baneling  
  26  3:07  Baneling x2  
  26  3:08  Baneling  
  26  3:10  Baneling  
  26  3:14  Zergling x2  
  26  3:15  Zergling x2  
  17  3:43  Zergling x2  
  17  3:44  Zergling x8  
  22  4:00  Overlord  
  22  4:02  Zergling x2  
  23  4:04  Baneling x2  
  23  4:05  Baneling  
  23  4:09  Baneling  
  23  4:18  Zergling x4  
  18  4:40  Zergling x4  
  18  4:41  Zergling x2  
  18  4:44  Zergling x4  
  22  4:49  Zergling x2  
  23  4:58  Zergling x2  
  24  5:08  Zergling x2  
  24  5:13  Zergling x4  
  27  5:16  Zergling x2  
  27  5:21  Zergling x2  
  29  5:41  Zergling x4  
  31  5:43  Zergling x4  
  30  6:02  Baneling x6  
  30  6:05  Zergling x4  
  22  6:35  Drone x2  
  22  6:36  Roach Warren, Drone x2  
  20  6:46  Zergling x2  
  21  7:06  Overlord x2  
Show
View Real Time Build Order
Export as new Build Order

Lapack Protoss - Winner!

Build Orders:  

Get SALT Encoding   

  12  0:01  Probe (Chrono Boost)  
  13  0:11  Probe (Chrono Boost)  
  14  0:17  Pylon  
  14  0:22  Probe (Chrono Boost)  
  15  0:36  Probe (Chrono Boost)  
  15  0:37  Gateway  
  16  0:43  Assimilator  
  16  0:46  Probe (Chrono Boost)  
  17  0:52  Assimilator  
  18  0:57  Probe (Chrono Boost)  
  18  1:07  Probe (Chrono Boost)  
  18  1:08  Gateway  
  19  1:18  Probe (Chrono Boost)  
  20  1:24  Cybernetics Core  
  20  1:29  Probe (Chrono Boost)  
  21  1:36  Pylon  
  22  1:40  Probe (Chrono Boost)  
  22  2:01  Adept x2  
  24  2:05  Mothership Core (Chrono Boost)  
  28  2:12  Pylon  
  28  2:17  Warp Gate  
  26  2:29  Adept  
  26  2:31  Probe (Chrono Boost)  
  27  2:43  Probe (Chrono Boost)  
  28  2:47  Adept  
  30  2:55  Probe (Chrono Boost)  
  30  2:56  Adept  
  33  3:05  Twilight Council  
  34  3:14  Probe (Chrono Boost)  
  36  3:34  Resonating Glaives  
  36  3:39  Adept  
  32  3:44  Pylon  
  32  3:45  Pylon  
  32  3:56  Pylon  
  32  4:04  Probe (Chrono Boost)  
  33  4:11  Pylon  
  33  4:17  Probe (Chrono Boost)  
  34  4:29  Probe (Chrono Boost)  
  27  4:42  Adept x2  
  31  4:55  Nexus  
  31  5:02  Probe (Chrono Boost)  
  32  5:15  Dark Shrine  
  32  5:16  Adept  
  35  5:22  Probe (Chrono Boost)  
  35  5:28  Adept  
  37  5:32  Probe (Chrono Boost)  
  38  5:40  Pylon  
  36  5:53  Pylon  
  36  5:54  Pylon  
  36  6:04  Adept x2  
  36  6:06  Probe (Chrono Boost)  
  35  6:40  Adept x2  
  35  6:42  Probe (Chrono Boost)  
  40  6:52  Probe (Chrono Boost)  
  40  6:53  Nexus  
  41  7:01  Dark Templar x2  
  45  7:33  Robotics Facility  
Tags
 
Add a new tag
Caveats
  • Supply blocks, unpowered buildings, or Contaminate may cause inaccurate times.
  • Supply counts are checked every 10 seconds.